 Dungeon Crawl Stone Soup version 0.24-a0-201-gf205589 (webtiles) character file.

Game seed: 15151550203846589288

143 technobutter the Skirmisher (level 5, -4/47 HPs)
             Began as a Hill Orc Fighter on Mar 25, 2019.
             Slain by ComicalVoid's ghost (5 damage)
             ... on level 3 of the Dungeon.
             The game lasted 00:13:59 (2945 turns).

technobutter the Skirmisher (Hill Orc Fighter)      Turns: 2945, Time: 00:13:59

Health: -4/47      AC: 11    Str: 20    XL:     5   Next: 25%
Magic:  5/5        EV:  4    Int:  8    God:
Gold:   171        SH:  9    Dex: 10    Spells: 4/4 levels left

rFire    . . .     SeeInvis .   a - +0 war axe
rCold    . . .     Gourm    .   c - +0 shield
rNeg     . . .     Faith    .   l - +0 plate armour
rPois    .         Spirit   .   (no helmet)
rElec    .         Reflect  .   (no cloak)
rCorr    .         Harm     .   (no gloves)
MR       .....                  (no boots)
Stlth    ..........             (no amulet)
HPRegen  0.15/turn              (no ring)
MPRegen  0.09/turn              (no ring)

@: no status effects
A: no striking features
a: no special abilities


You were on level 3 of the Dungeon.
You were not hungry.

You visited 1 branch of the dungeon, and saw 3 of its levels.

You collected 171 gold pieces.

Inventory:

Hand Weapons
 a - a +0 war axe (weapon)
Missiles
 g - 11 poisoned needles (quivered)
 o - 3 needles of confusion
Armour
 c - a +0 shield (worn)
 l - a +0 plate armour (worn)
Wands
 n - a wand of paralysis (7)
 q - a wand of digging (5)
 r - a wand of polymorph (14)
Scrolls
 e - 6 scrolls of identify
 h - 2 scrolls of remove curse {unknown}
 j - a scroll of fog {unknown}
 k - 2 scrolls of magic mapping
 m - a scroll of fear {unknown}
 p - a scroll of teleportation {unknown}
Potions
 d - 5 potions of might
 f - 2 potions of curing {unknown}
 i - a potion of ambrosia {unknown}
Comestibles
 b - 5 rations


   Skills:
 + Level 4.5 Fighting
 + Level 4.0 Axes
 + Level 4.1 Armour
 + Level 0.1 Dodging
 + Level 4.5 Shields


You had 4 spell levels left.
You didn't know any spells.
Your spell library was empty.

Dungeon Overview and Level Annotations

Branches:
Dungeon (3/15)

Altars:
Hepliaklqana
Kikubaaqudgha

Annotations:
D:3 ComicalVoid's ghost, amateur TrFi; toni2068's ghost, amateur HOFi


Message History

Toni2068's ghost says, "My insurmountable tactics guarantee your defeat."
You block ComicalVoid's ghost's attack. You block ComicalVoid's ghost's attack.
Toni2068's ghost hits you but does no damage.
Toni2068's ghost hits you.
* * * LOW HITPOINT WARNING * * *
Unknown command.
Toni2068's ghost keens inconsolably.
Your plate armour prevents you from hitting toni2068's ghost.
Toni2068's ghost is severely damaged.
You block toni2068's ghost's attack.
You completely miss toni2068's ghost.
Toni2068's ghost is severely damaged.
You hit ComicalVoid's ghost. ComicalVoid's ghost hits you!
* * * LOW HITPOINT WARNING * * *
You block toni2068's ghost's attack.
You slash toni2068's ghost!
Toni2068's ghost is almost destroyed.
You barely miss ComicalVoid's ghost. ComicalVoid's ghost hits you.
You die...

.............#..#.....###>.......
..###.#.##...##.......###........
..# #........###.#.##..##..######
.####.....####...#.##...#.##
.###......###..#...##.....###
..##.#....##..##.#####.>....####
†....###.###.#...#.......##....#
.#.#####.###...#W..####..#####.#
.#.........†...W@### ##.# ###.##
.#######.....##### #.###....#
.##......#.......#### #..##....#
.#....##.....###....## ##..#....#
.#..###.....## ####..#####.#....#
........##### ####....##..#####
...####.# #........##.# ...# #.#
###'''####..## ..## ##.#
♣.......♣##..####


You could see ComicalVoid's ghost and toni2068's ghost.

Vanquished Creatures
  Terence (D:2)
  4 adders
  An ooze (D:1)
  4 worms
  2 dart slugs (D:1)
  2 leopard geckos
  An orc (D:3)
  9 bats
  4 giant cockroaches
  9 goblins
  8 hobgoblins
  3 jackals
  4 kobolds
  5 frilled lizards
  5 rats
62 creatures vanquished.

Notes
Turn   | Place    | Note
-------+----------+-------------------------------------------
     0 | D:1      | technobutter the Hill Orc Fighter began the quest for the
                  | Orb.
     0 | D:1      | Reached XP level 1. HP: 19/19 MP: 1/1
   246 | D:2      | Reached XP level 2. HP: 24/27 MP: 2/2
   540 | D:1      | Reached XP level 3. HP: 28/33 MP: 3/3
  1421 | D:2      | Reached XP level 4. HP: 29/41 MP: 4/4
  1777 | D:2      | Noticed Terence
  1975 | D:2      | Killed Terence
  2287 | D:2      | Reached XP level 5. HP: 47/47 MP: 5/5
  2423 | D:3      | Found an ancient bone altar of Kikubaaqudgha.
  2559 | D:3      | Found a hazy altar of Hepliaklqana.
  2905 | D:3      | Found a runed translucent gate.
  2906 | D:3      | Found a runed translucent gate.
  2907 | D:3      | Noticed toni2068's ghost (amateur HOFi)
  2908 | D:3      | Found a runed translucent gate.
  2908 | D:3      | Noticed ComicalVoid's ghost (amateur TrFi)
  2944 | D:3      | HP: 1/47 [ComicalVoid's ghost (9)]
  2945 | D:3      | Slain by ComicalVoid's ghost

Levels and vault maps discovered:
D:1:      evilmike_arrival_crescent, layout_basic
D:2:      layout_loops_ring, first_ration, uniq_terence
D:3:      layout_rooms, nicolae_overflow_hidden_temple, lemuel_crystal_altar,
          gammafunk_ghost_cemetery

Skill      XL: |  1  2  3  4  5 |
---------------+----------------+-----
Fighting       | 4 |  4.5
Axes           | 3 4 |  4.0
Shields        | 4 |  4.5
Armour         | 4 |  4.1
Dodging        | |  0.1

Action                   |  1- 3 |  4- 6 || total
-------------------------+-------+-------++-------
Melee: War axe           |   134 |   126 ||   260
  Use: Scroll            |       |     1 ||     1
  Eat: Ration            |     1 |     1 ||     2
Armor: Scale mail        |   100 |       ||   100
       Plate armour      |    13 |   168 ||   181
Dodge: Dodged            |    53 |    31 ||    84
Block: Shield            |   100 |   125 ||   225

Table legend:
 A = Non-vault XP
 B = Vault XP
 C = Vault XP percentage of total XP
 D = Non-vault monster count
 E = Vault monster count
 F = Vault count percentage of total count
                 A         B        C        D         E       F
            +---------+---------+-------+---------+---------+-------
      Total |     173 |      32 |  15.6 |      61 |       1 |   1.6
            +---------+---------+-------+---------+---------+-------
        D:1 |      45 |       0 |   0.0 |      21 |       0 |   0.0
        D:2 |      87 |      32 |  26.9 |      27 |       1 |   3.6
        D:3 |      41 |       0 |   0.0 |      13 |       0 |   0.0
            +---------+---------+-------+---------+---------+-------
